 Dungeon Crawl Stone Soup version 0.32-a0-306-gfed3edf829 (webtiles) character file.

Game seed: 5664215445890198633

79 Dittersdorf the Shield-Bearer (level 4, 0/29 HPs)
             Began as a Gargoyle Fighter on Feb 14, 2024.
             Slain by a gnoll
             ... wielding a +1 whip of venom
              (3 damage)
             ... on level 2 of the Dungeon.
             The game lasted 00:01:35 (967 turns).

Dittersdorf the Shield-Bearer (Gargoyle Fighter)     Turns: 967, Time: 00:01:35

Health: 0/29       AC: 10    Str: 22    XL:     4   Next: 38%
Magic:  4/4        EV:  8    Int:  8    God:
Gold:   52         SH: 10    Dex:  9    Spells: 3/3 levels left

rFire   . . .        a - +0 flail
rCold   . . .        g - +2 kite shield
rNeg    + . .        b - +0 scale mail
rPois   ∞            (no helmet)
rElec   +            (no cloak)
rCorr   .            (no gloves)
SInv    .            (no boots)
Will    .....        (no amulet) Stlth
                     (no ring)
HPRegen 0.24/turn    (no ring)
MPRegen 0.09/turn

%: no passive effects
@: no status effects
A: sickness immunity, AC +3, negative energy resistance 1, electricity
resistance, torment resistance 1, petrification resistance
a: no special abilities


You were on level 2 of the Dungeon.
You visited 1 branch of the dungeon, and saw 2 of its levels.

You collected 52 gold pieces.

Inventory:

Hand Weapons
 a - a +0 flail (weapon)
Armour
 b - a +0 scale mail (worn)
 g - a +2 kite shield (worn)
Scrolls
 f - a scroll of enchant armour {unknown}
 h - a scroll of noise {unknown}
Potions
 c - a potion of ambrosia
 d - 2 potions of might
 e - a potion of mutation
 i - a potion of enlightenment {unknown}


   Skills:
 + Level 3.9 Fighting
 + Level 2.7 Maces & Flails
 + Level 3.9 Armour
 + Level 4.0 Shields


You had 3 spell levels left.
You didn't know any spells.
Your spell library contained the following spells:

 Spells                   Type           Power      Damage    Failure   Level
 Frozen Ramparts          Ice            0%         1d1       100%        3
 Fugue of the Fallen      Necr           0%         N/A       100%        3
 Ozocubu's Armour         Ice            0%         N/A       100%        3
 Leda's Liquefaction      Alch/Erth      0%         N/A       100%        4
 Manifold Assault         Tloc           0%         N/A       100%        4
 Petrify                  Alch/Erth      0%         N/A       100%        4
 Metabolic Englaciation   Hex/Ice        0%         N/A       100%        5


Dungeon Overview and Level Annotations

Branches:
Dungeon (2/15)

Altars:


Innate Abilities, Weirdness & Mutations

You are immune to sickness and miasma.
Your stone body is resilient. (AC +3)
You are immune to poison.
You resist negative energy. (rN+)
You are resistant to electric shocks. (rElec)
You are resistant to unholy torment.
You are immune to petrification.


Message History

The gnoll barely misses you. You block the ball python's attack.
The ball python constricts you.
You closely miss the ball python.
The gnoll hits you with a +1 whip of venom.
You block the ball python's attack. The ball python constricts you.
The gnoll hits you with a +0 halberd! The gnoll hits you but does no damage.
The ball python bites you but does no damage.
The ball python constricts you. The gnoll hits you but does no damage.
You are too injured to fight recklessly!
You are too injured to fight recklessly!
You are too injured to fight recklessly!
You are too injured to fight recklessly!
You are too injured to fight recklessly!
You are too injured to fight recklessly!
You are too injured to fight recklessly!
You are too injured to fight recklessly!
You are too injured to fight recklessly!
You are too injured to fight recklessly!
You are too injured to fight recklessly!
You are too injured to fight recklessly!
You are too injured to fight recklessly!
You are too injured to fight recklessly!
You are too injured to fight recklessly!
You are too injured to fight recklessly!
The ball python's grasp on you weakens, but your attempt to escape fails.
You block the ball python's attack. The ball python constricts you.
You block the gnoll's attack. x2
You escape the ball python's grasp.
The gnoll hits you from afar with a +0 halberd.
* * * LOW HITPOINT WARNING * * *
You see here a throwing net.
The gnoll attacks as it pursues you!
The gnoll hits you with a +1 whip of venom.
* * * LOW HITPOINT WARNING * * *
The gnoll attacks as it pursues you! The gnoll barely misses you.
The gnoll attacks as it pursues you! You block the gnoll's attack.
The gnoll attacks as it pursues you! The gnoll closely misses you.
The gnoll attacks as it pursues you!
The gnoll hits you with a +1 whip of venom.
You die...

.....gg.(>....#
#......##S#####
....... #.# #.#####
#S# # ###.#
#.......##.g.#
........#.#.# #
...#.#.#g#.#
.#....#.#@#.#
.......#.#.#
#.##..#.#.# #####
#.........#
#....#####.#.....###
............#.>..#
#....#.#########.#
#... #.####### ###
#.. #.##....#####


You could see 2 gnolls.

Vanquished Creatures
  3 adders (D:2)
  5 dart slugs
  5 ball pythons
  An endoplasm (D:2)
  2 hobgoblins (D:1)
  4 kobolds (D:1)
  A quokka (D:2)
  3 bats
  A frilled lizard (D:1)
  A rat (D:1)
26 creatures vanquished.

Notes
Turn   | Place    | Note
-------+----------+-------------------------------------------
     0 | D:1      | Dittersdorf the Gargoyle Fighter began the quest for the
                  | Orb.
     0 | D:1      | Reached XP level 1. HP: 14/14 MP: 1/1
    65 | D:1      | Reached XP level 2. HP: 15/19 MP: 2/2
   276 | D:1      | Reached XP level 3. HP: 23/23 MP: 3/3
   825 | D:2      | Reached XP level 4. HP: 29/29 MP: 4/4
   830 | D:2      | Reached skill level 4 in Shields
   967 | D:2      | Slain by a gnoll

Illustrated notes

Levels and vault maps discovered:
D:1:      psy_arrival_basics, layout_loops_ring, minmay_misc_feat_iff
D:2:      layout_basic, hangedman_abyss_or_decor_lesser_grid

Skill      XL: |  1  2  3  4 |
---------------+-------------+-----
Shields        | 4 |  4.0
Fighting       | |  3.9
Maces & Flails | |  2.7
Armour         | |  3.9

Action                     |  1- 3 |  4- 6 || total
---------------------------+-------+-------++-------
  Melee: Flail             |    75 |    36 ||   111
    Use: Scroll            |     3 |       ||     3
 Armour: Scale mail        |    47 |    42 ||    89
  Dodge: Dodged            |    34 |    14 ||    48
  Block: Buckler           |     6 |       ||     6
         Kite shield       |    38 |    36 ||    74

Table legend: (Time is in decaauts)
 A = Elapsed time spent in this place.
 B = Non-inter-level travel time spent in this place.
 C = Inter-level travel time spent in this place.
 D = Time resting spent in this place.
 E = Time spent auto-exploring this place.
 F = Levels seen in this place.
 G = Mean time per level.
                   A        B        C        D        E       F      G
               +--------+--------+--------+--------+--------+-----+--------+
         Total |   1008 |    975 |     33 |      0 |    701 |   2 |  504.0 |
       Dungeon |   1008 |    975 |     33 |      0 |    701 |   2 |  504.0 |
               +--------+--------+--------+--------+--------+-----+--------+

Top non-repeatable levels by time:
     D:1: 727 daAuts
     D:2: 281 daAuts
